 Dungeon Crawl Stone Soup version 0.25-a0-425-g0e000e855e (webtiles) character file.

Game seed: 14551401451715731455, levelgen mode: deterministic

27 Nattfarinn the Skirmisher (level 2, -2/27 HPs)
             Began as a Minotaur Berserker on Jan 24, 2020.
             Was a Follower of Trog.
             Slain by a centaur (8 damage)
             ... on level 2 of the Dungeon.
             The game lasted 00:00:57 (776 turns).

Nattfarinn the Skirmisher (Minotaur Berserker)       Turns: 776, Time: 00:00:58

Health: -2/27      AC:  2    Str: 21    XL:     2   Next: 93%
Magic:  1/1        EV: 12    Int:  4    God:    Trog [*.....]
Gold:   47         SH:  0    Dex:  9    Spells: 1/1 levels left

rFire    . . .     SeeInvis .   a - +0 mace
rCold    . . .     Gourm    .   (no shield)
rNeg     . . .     Faith    .   b - +0 animal skin
rPois    .         Spirit   .   (helmet restricted)
rElec    .         Reflect  .   (no cloak)
rCorr    .         Harm     .   (no gloves)
MR       .....                  (no boots)
Stlth    +.........             (no amulet)
HPRegen  0.09/turn              (no ring)
MPRegen  0.07/turn              (no ring)

@: no status effects
A: retaliatory headbutt, horns 2
a: Berserk, Renounce Religion


You were on level 2 of the Dungeon.
You worshipped Trog.
Trog was aware of your devotion.
You were not hungry.

You visited 1 branch of the dungeon, and saw 2 of its levels.

You collected 47 gold pieces.

Inventory:

Hand Weapons
 a - a +0 mace (weapon)
Armour
 b - a +0 animal skin (worn)
Scrolls
 e - a scroll of remove curse {unknown}
 f - a scroll of enchant armour {unknown}
 g - a scroll of noise {unknown}
Potions
 h - a potion of degeneration {unknown}
Comestibles
 c - 3 rations


   Skills:
 * Level 4.2 Fighting
 + Level 3.9 Maces & Flails
 + Level 2.8 Armour
 + Level 2.5 Dodging


You had one spell level left.
You didn't know any spells.
Your spell library was empty.

Dungeon Overview and Level Annotations

Branches:
Dungeon (2/15)

Altars:


Innate Abilities, Weirdness & Mutations

You reflexively headbutt those who attack you in melee.
You have a pair of horns on your head.


Message History

You are too injured to fight recklessly!
You are too injured to fight recklessly!
Unknown command.
The centaur hits you.
* * * LOW HITPOINT WARNING * * *
A goblin comes into view. It is wielding a +0 club.
You see here a hobgoblin corpse.
You barely miss the centaur.
The centaur is severely wounded.
The centaur closely misses you.
The centaur hits you but does no damage.
You closely miss the centaur.
The centaur is severely wounded.
The centaur closely misses you. x2
You barely miss the centaur.
The centaur is severely wounded.
The centaur closely misses you. The goblin hits you with a +0 club.
* * * LOW HITPOINT WARNING * * *
The centaur hits you!
You die...

#......
.#.... ....##
#..%.# #..?.#
#....# #+#
###..c.#(....
#....@.......
###.##g#.....
#.# .# #+#
#<# .# #[.?.#
#..### #).#
#..# ...#


You could see a centaur and a goblin.

Vanquished Creatures
  An ooze (D:1)
  A dart slug (D:1)
  A ball python (D:1)
  2 giant cockroaches
  5 hobgoblins
  A frilled lizard (D:1)
  2 goblins (D:1)
  4 kobolds (D:1)
  2 rats (D:1)
19 creatures vanquished.

Notes
Turn   | Place    | Note
-------+----------+-------------------------------------------
     0 | D:1      | Nattfarinn the Minotaur Berserker began the quest for the
                  | Orb.
     0 | D:1      | Reached XP level 1. HP: 19/19 MP: 0/0
   178 | D:1      | Reached XP level 2. HP: 10/27 MP: 1/1
   382 | D:1      | Reached skill level 4 in Fighting
   767 | D:2      | Noticed a centaur
   776 | D:2      | Slain by a centaur

Levels and vault maps discovered:
D:1:      minmay_arrival_hallway, layout_basic
D:2:      kennysheep_six_static_rooms, layout_loops_ring,
          nicolae_tso_carved_into_rock, zin_treasury, grunt_temple_overflow_open

Skill      XL: |  1  2 |
---------------+-------+-----
Fighting       | 4 |  4.2
Maces & Flails | |  3.9
Armour         | |  2.8
Dodging        | |  2.5

Action                   || total
-------------------------++-------
Melee: Mace              ||    39
       Headbutt          ||     8
Armor: Animal skin       ||     3
Dodge: Dodged            ||    27

Table legend:
 A = Non-vault XP
 B = Vault XP
 C = Vault XP percentage of total XP
 D = Non-vault monster count
 E = Vault monster count
 F = Vault count percentage of total count
                 A         B        C        D         E       F
            +---------+---------+-------+---------+---------+-------
      Total |      39 |       0 |   0.0 |      19 |       0 |   0.0
            +---------+---------+-------+---------+---------+-------
        D:1 |      35 |       0 |   0.0 |      17 |       0 |   0.0
        D:2 |       4 |       0 |   0.0 |       2 |       0 |   0.0
            +---------+---------+-------+---------+---------+-------
